 Dungeon Crawl Stone Soup version 0.32-a0-163-g159c032296 (webtiles) character file.

Game seed: 15866620105722154395

98 zeratav the Trooper (level 4, -5/49 HPs)
             Began as an Oni Warper on Feb 11, 2024.
             Slain by a gnoll
             ... wielding a +0 flail
              (11 damage)
             ... on level 2 of the Dungeon.
             The game lasted 00:02:05 (1430 turns).

zeratav the Trooper (Oni Warper)                    Turns: 1430, Time: 00:02:05

Health: -5/49      AC:  3    Str: 17    XL:     4   Next: 71%
Magic:  7/7        EV:  9    Int: 14    God:
Gold:   65         SH:  0    Dex:  8    Spells: 7/7 levels left

rFire   . . .        a - +0 mace {mace}
rCold   . . .        (no shield)
rNeg    . . .        b - +0 robe
rPois   .            (helmet restricted)
rElec   .            (no cloak)
rCorr   .            (gloves unavailable)
SInv    .            (boots unavailable)
Will    .....        (no amulet)
Stlth   +            (no ring)
HPRegen 0.28/turn    (no ring)
MPRegen 0.10/turn

%: no passive effects
@: no status effects
A: large, unfitting armour, horns 1, tough skin 1, double potion healing,
drunken brawling
a: no special abilities


You were on level 2 of the Dungeon.
You visited 1 branch of the dungeon, and saw 2 of its levels.

You collected 65 gold pieces.


Innate Abilities, Weirdness & Mutations

You are too large for most types of armour.
You have a pair of small horns on your head.
You have tough skin. (AC +1)
You gain doubled healing and magic from potions.
Whenever you drink a healing potion, you attack all around you.


   Skills:
 + Level 4.8 Fighting
 + Level 3.6 Maces & Flails
 - Level 1.0 Throwing
 - Level 2.1 Dodging
 - Level 2.4 Spellcasting
 - Level 2.6 Translocations


You had 7 spell levels left.
You didn't know any spells.
Your spell library contained the following spells:

 Spells                   Type           Power      Damage    Failure   Level
 Blink                    Tloc           18%        N/A       12%         2
 Lesser Beckoning         Tloc           18%        N/A       12%         2
 Slow                     Hex            4%         N/A       22%         1
 Teleport Other           Tloc           9%         N/A       22%         3
 Call Canine Familiar     Summ           1%         N/A       56%         3
 Confusing Touch          Hex            1%         N/A       56%         3
 Inner Flame              Hex/Fire       1%         N/A       56%         3
 Sigil of Binding         Hex            1%         N/A       56%         3
 Vampiric Draining        Necr           1%         2d6       56%         3
 Manifold Assault         Tloc           9%         N/A       58%         4
 Dimensional Bullseye     Hex/Tloc       2%         N/A       78%         4
 Vhi's Electric Charge    Tloc/Air       10%        N/A       78%         4
 Irradiate                Conj/Alch      0%         3d11      99%         5
 Ignition                 Fire           0%         3d3       100%        8

Inventory:

Hand Weapons
 a - a +0 mace (weapon) {mace}
 m - a +2 short sword of electrocution {short}
   (You took it off an orc on level 2 of the Dungeon)
Missiles
 d - 7 darts of dispersal (quivered) {=fthrowing}
Armour
 b - a +0 robe (worn)
Scrolls
 c - a scroll of blinking {!r}
 i - a scroll of enchant weapon {unknown}
 k - a scroll of identify {unknown}
 l - a scroll of noise {unknown}
Potions
 e - a potion of degeneration {unknown}
 f - a potion of haste {unknown}
 g - 2 potions of attraction {unknown}
 h - a potion of brilliance {unknown}
 j - a potion of might {unknown}
 n - a potion of enlightenment {unknown}
 o - a potion of curing {unknown}

Dungeon Overview and Level Annotations

Branches:
Dungeon (2/15) Zot: 10535

Altars:

### ######## ..# #......#...#
##################......#[..##
................@g....).....>.
.........†..######.g....#....#
...########.# #......#....#
.#.# #.# #gg....|...... ##.#
#.# #......##..... #.# #.#
#g.....# .... #.# #.#
#........# ... #.# #.#
#.....).## .. #.# #.#
#.......# #


You could see 2 gnolls.


Message History

No target in view!
No target in view!
No target in view!
No target in view!
No target in view!
No target in view!
No target in view!
No target in view!
You see here a dart slug corpse.
An endoplasm comes into view.
The endoplasm quivers.
HP[+1]
Your hp is fully restored (49).
The endoplasm hits you.
HP[-1]
You take 1 damage, and now have 48/49 hp.
You hit the endoplasm.
You kill the endoplasm!
HP[+1]
Your hp is fully restored (49).
No target in view!
No target in view!
No target in view!
No target in view!
No target in view!
No target in view!
No target in view!
No target in view!
No target in view!
No target in view!
No target in view!
No target in view!
There is an open door here.
A goblin comes into view. It is wielding a +0 dagger.
The goblin shouts!
You hear a shout!
A goblin is nearby!
A goblin comes into view. It is wielding a staff of fire.
Found a stone staircase leading down.
The goblin closely misses you.
The goblin wields a +0 sling.
The goblin shoots a sling bullet.
The sling bullet hits you.
HP[-2]
You take 2 damage, and now have 47/49 hp.
You hit the goblin. The goblin hits you but does no damage.
The goblin shoots a sling bullet.
The sling bullet hits you but does no damage.
You hit the goblin.
You kill the goblin!
HP[+1]
A gnoll comes into view. It is wielding a +0 spear.
The gnoll shouts!
The goblin unwields a +0 sling.
The goblin wields a staff of fire.
The goblin hits you with a staff of fire.
A gnoll comes into view. It is wielding a +0 flail.
HP[-2]
You take 2 damage, and now have 46/49 hp.
The gnoll shouts!
You hit the goblin but do no damage.
You hear a shout!
The goblin hits you with a staff of fire.
A gnoll comes into view. It is wielding a +0 whip.
HP[-1]
You take 1 damage, and now have 45/49 hp.
You hit the goblin but do no damage. You punch the goblin, but do no damage.
The goblin hits you with a staff of fire. x2
HP[-4]
You take 4 damage, and now have 41/49 hp.
You hit the goblin.
You kill the goblin!
HP[+1]
A hobgoblin comes into view.
The hobgoblin shouts!
The gnoll closely misses you. The gnoll hits you with a +0 spear.
A goblin comes into view. It is wielding a +0 dagger.
HP[-5]
You take 5 damage, and now have 37/49 hp.
The goblin shouts!
You hit the gnoll but do no damage. The gnoll hits you with a +0 spear!
The gnoll barely misses you. The gnoll hits you but does no damage.
The gnoll hits you with a +0 flail!
* * * LOW HITPOINT WARNING * * *
You are too injured to fight recklessly!
HP[-19]
You take 19 damage, and now have 18/49 hp.
MASSIVE DAMAGE!! (PAUSE)
You are too injured to fight recklessly!
There are monsters nearby!
The gnoll completely misses you. The gnoll attacks as it pursues you!
The gnoll hits you with a +0 flail!
* * * LOW HITPOINT WARNING * * *
The gnoll attacks as it pursues you! The gnoll hits you with a +0 whip.
* * * LOW HITPOINT WARNING * * *
HP[-13]
You take 13 damage, and now have 5/49 hp.
MASSIVE DAMAGE!! (PAUSE)
The gnoll attacks as it pursues you! The gnoll closely misses you.
HP[+1]
There is an open door here.
The gnoll attacks as it pursues you! The gnoll hits you with a +0 flail!
You die...

Skill      XL: |  1  2  3 |
---------------+----------+-----
Fighting       | 3 4 |  4.8
Maces & Flails | 3 |  3.6
Throwing       | |  1.0
Dodging        | |  2.1
Spellcasting   | |  2.4
Translocations | |  2.6

Action                     |  1- 3 |  4- 6 || total
---------------------------+-------+-------++-------
  Melee: Mace              |    87 |    37 ||   124
         Headbutt          |    15 |     2 ||    17
         Punch             |       |     2 ||     2
 Armour: Robe              |    74 |    36 ||   110
  Dodge: Dodged            |    52 |    25 ||    77

Levels and vault maps discovered:
D:1:      lightli_arrival_statue_moat, layout_rooms,
          shapermc_ecumenical_altar_hornbeckon, nicolae_figureground_sparkle
D:2:      layout_basic, minmay_misc_feat_tower, grunt_ministairs_14

Notes
Turn   | Place    | Note
-------+----------+-------------------------------------------
     0 | D:1      | zeratav the Oni Warper began the quest for the Orb.
     0 | D:1      | Reached XP level 1. HP: 22/22 MP: 3/3
     0 | D:1      | magus.rc [v1.9.6]
    47 | D:1      | You fall into a shaft and drop 1 floor!
    76 | D:1      | Reached skill level 3 in Fighting
   159 | D:1      | You pick up a book of Debilitation and begin reading...
   159 | D:1      | You add the spells Slow, Sigil of Binding, Vampiric
                  | Draining and Confusing Touch to your library.
   178 | D:1      | Reached XP level 2. HP: 31/31 MP: 5/5
   181 | D:1      | You pick up a book of Spontaneous Combustion and begin
                  | reading...
   181 | D:1      | You add the spells Inner Flame, Irradiate and Ignition to
                  | your library.
   226 | D:1      | Found a faded altar of an unknown god.
   426 | D:1      | You pick up a book of the Hunter and begin reading...
   426 | D:1      | You add the spells Call Canine Familiar and Dimensional
                  | Bullseye to your library.
   848 | D:2      | Reached XP level 3. HP: 39/39 MP: 6/6
   975 | D:2      | Reached skill level 4 in Fighting
   975 | D:2      | Reached skill level 3 in Maces & Flails
  1095 | D:2      | Reached XP level 4. HP: 26/49 MP: 7/7
  1100 | D:2      | HP: 12/49 [orc/+0 flail (5)]
  1112 | D:2      | HP: 11/49 [orc/+0 club (4)]
  1426 | D:2      | HP: 10/49 [gnoll/+0 flail (8)]
  1430 | D:2      | Slain by a gnoll

Vanquished Creatures
  An orc priest (D:2)
  2 adders (D:2)
  2 dart slugs
  5 orcs (D:2)
  2 endoplasms
  A giant cockroach (D:2)
  6 goblins
  5 hobgoblins
  3 jackals (D:1)
  5 ball pythons
  A bat (D:1)
  3 frilled lizards (D:2)
  3 kobolds
  A rat (D:1)
40 creatures vanquished.

Table legend:
 A = Non-vault XP
 B = Vault XP
 C = Vault XP percentage of total XP
 D = Non-vault monster count
 E = Vault monster count
 F = Vault count percentage of total count
                 A         B        C        D         E       F
            +---------+---------+-------+---------+---------+-------
      Total |     141 |       0 |   0.0 |      40 |       0 |   0.0
            +---------+---------+-------+---------+---------+-------
        D:1 |      29 |       0 |   0.0 |      16 |       0 |   0.0
        D:2 |     112 |       0 |   0.0 |      24 |       0 |   0.0
            +---------+---------+-------+---------+---------+-------

Skill      XL: |  1  2  3 |
---------------+----------+-----
Fighting       | 3 4 |  4.8
Maces & Flails | 3 |  3.6
Throwing       | |  1.0
Dodging        | |  2.1
Spellcasting   | |  2.4
Translocations | |  2.6

Action                     |  1- 3 |  4- 6 || total
---------------------------+-------+-------++-------
  Melee: Mace              |    87 |    37 ||   124
         Headbutt          |    15 |     2 ||    17
         Punch             |       |     2 ||     2
 Armour: Robe              |    74 |    36 ||   110
  Dodge: Dodged            |    52 |    25 ||    77

Illustrated notes

Table legend:
 A = Kills in this place as a percentage of kills in the entire game.
 B = Kills by you in this place as a percentage of kills by you in the entire game.
 C = Kills by friends in this place as a percentage of kills by friends in the entire game.
 D = Other kills in this place as a percentage of other kills in the entire game.
 E = Experience gained in this place as a percentage of experience gained in the entire game.
 F = Experience gained in this place divided by the number of levels of this place that you have seen.
                   A       B       C       D       E      F
               +-------+-------+-------+-------+-------+----------------------
         Total | 100.0 | 100.0 |   N/A |   N/A | 100.0 |  70.5
       Dungeon | 100.0 | 100.0 |   N/A |   N/A | 100.0 |  70.5
               +-------+-------+-------+-------+-------+----------------------

Table legend: (Time is in decaauts)
 A = Elapsed time spent in this place.
 B = Non-inter-level travel time spent in this place.
 C = Inter-level travel time spent in this place.
 D = Time resting spent in this place.
 E = Time spent auto-exploring this place.
 F = Levels seen in this place.
 G = Mean time per level.
                   A        B        C        D        E       F      G
               +--------+--------+--------+--------+--------+-----+--------+
         Total |   1463 |   1430 |     33 |    250 |    894 |   2 |  731.5 |
       Dungeon |   1463 |   1430 |     33 |    250 |    894 |   2 |  731.5 |
               +--------+--------+--------+--------+--------+-----+--------+

Top non-repeatable levels by time:
     D:1: 760 daAuts
     D:2: 702 daAuts
